[Event "*** Titled Tuesday Blitz"]
[Site "Chess.com"]
[Date "2021.04.06"]
[Round "3"]
[White "if_name_main_a"]
[Black "Koalaskakistis"]
[Result "0-1"]
[WhiteElo "2345"]
[BlackElo "2587"]
[TimeControl "180+1"]
[EndTime "10:28:39 PDT"]
[Termination "Koalaskakistis won by checkmate"]

1. c4 e5 2. Nc3 c6 3. Nf3 d6 4. d4 exd4 5. Nxd4 Nf6 6. e4 Be7 7. Be2 O-O 8. Be3 a5 9. O-O Na6 10. b3 Nc5 11. f3 Qc7 12. a3 Ne6 13. Qd2 Nxd4 14. Bxd4 Nd7 15. b4 Ne5 16. h3 f5 17. f4 Ng6 18. Rae1 axb4 19. axb4 Ra3 20. Qb2 Ra8 21. Nd1 fxe4 22. Bxg7 Rf7 23. Bh6 d5 24. Ne3 Bf6 25. Qb1 d4 26. Qxe4 dxe3 27. Qe8+ Nf8 28.
Bh5 Bd4 29. Rf3 Bg4 30. Bxf7+ Qxf7 31. Qxf7+ Kxf7 32. hxg4 Ra2 33. f5 e2+ 34. Be3 Bc3 35. Bc5 Bxe1 36. Re3 Bc3 37. Re7+ Kf6 38. Re6+ Nxe6 39.
fxe6 e1=Q+ 40. Kh2 Qh4+ 41. Kg1 Ra1# 0-1

[Event "*** Titled Tuesday Blitz"]
[Site "Chess.com"]
[Date "2021.04.06"]
[Round "3"]
[White "mr65"]
[Black "sbouchet"]
[Result "0-1"]
[WhiteElo "2133"]
[BlackElo "2348"]
[TimeControl "180+1"]
[EndTime "10:28:39 PDT"]
[Termination "sbouchet won by checkmate"]

1. e4 c5 2. Nf3 g6 3. d4 cxd4 4. Qxd4 Nf6 5. e5 Nc6 6. Qa4 Nd5 7. Qe4 Nb6 8. Bf4 Bg7 9. Nc3 d6 10. O-O-O Bf5 11. Qe1 d5 12. Bd3 Bxd3 13. Rxd3 e6 14. Bg5 Qd7 15. Bf6 Bxf6 16. exf6 Rc8 17. h4 h5 18. Ne5 Nxe5 19. Qxe5 Nc4 20. Qe2 Kf8 21. g4 hxg4 22. Qxg4 Rh5 23. Re1 Ne5 24. Qb4+ Kg8 25.
Rg3 Nc4 26. Rg5 Rxh4 27. f4 Qd6 28. Qxd6 Nxd6 29. Ne2 Nf5 30. b3 Rh2 31. Ng3 Rcxc2+ 32. Kb1 Rb2+ 33. Ka1 Rxa2+ 34. Kb1 Rhb2+ 35. Kc1 Nd4 36. f5 Nxb3+ 37. Kd1 Rb1# 0-1

[Event "*** Titled Tuesday Blitz"]
[Site "Chess.com"]
[Date "2021.04.06"]
[Round "3"]
[White "Oleksandr_Bortnyk"]
[Black "GelmanAlexander"]
[Result "1-0"]
[WhiteElo "2941"]
[BlackElo "2656"]
[TimeControl "180+1"]
[EndTime "10:28:40 PDT"]
[Termination "Oleksandr_Bortnyk won on time"]

1. e4 c5 2. c3 e6 3. d4 d5 4.
exd5 exd5 5. Be3 cxd4 6. Bxd4 Nc6 7. Nf3 Nf6 8. Bb5 Be7 9. O-O O-O 10. h3 Bf5 11. Nbd2 Ne4 12. Re1 Bd6 13. Nf1 a6 14.
Ba4 Qd7 15. Be5 Bc5 16. Ne3 Be6 17. Bd4 Bd6 18. Bb3 Bc7 19. Qd3 Rad8 20. Rad1 f5 21. Nf1 g5 22. Be3 h6 23. c4 Nb4 24.
Qd4 Qf7 25. cxd5 Nxd5 26. Bxg5 hxg5 27. Rxe4 fxe4 28. Nxg5 Qf6 29. Qxf6 Rxf6 30. Nxe6 Rxe6 31. Rxd5 Rde8 32. Rd7 Bb6 33. Rd6 1-0

[Event "*** Titled Tuesday Blitz"]
[Site "Chess.com"]
[Date "2021.04.06"]
[Round "3"]
[White "GadimbayliA"]
[Black "juancruzarias"]
[Result "1-0"]
[WhiteElo "2793"]
[BlackElo "2569"]
[TimeControl "180+1"]
[EndTime "10:28:40 PDT"]
[Termination "GadimbayliA won by resignation"]

1. e4 e6 2. d4 d5 3. Nd2 Be7 4. c3 c5 5. dxc5 Nf6 6. exd5 Qxd5 7. b4 Qe5+ 8. Be2 Qxc3 9. Rb1 Qe5 10. Ngf3 Qf5 11.
O-O O-O 12. Bb2 a5 13. a3 axb4 14. axb4 Na6 15. Qb3 Rd8 16. Nc4 Nd5 17. Ne3 Nxe3 18. fxe3 Qe4 19. Bd4 Bd7 20. Ne5 Be8 21. Bf3 Rxd4 22.
Bxe4 Rxe4 23. Nc4 Nc7 24. Nd6 Bxd6 25. cxd6 Nd5 26. Rfc1 Rd8 27. b5 Rxe3 28. Qc4 Ra3 29. Ra1 Rxa1 30. Rxa1 Bd7 31. Ra7 Rb8 32. Qa4 Nc3 33.
Ra8 1-0

[Event "*** Titled Tuesday Blitz"]
[Site "Chess.com"]
[Date "2021.04.06"]
[Round "3"]
[White "SargissyanSargis"]
[Black "Mikhail_Golubev"]
[Result "0-1"]
[WhiteElo "2371"]
[BlackElo "2562"]
[TimeControl "180+1"]
[EndTime "10:28:40 PDT"]
[Termination "Mikhail_Golubev won on time"]

1. e4 c5 2. Nf3 d6 3. d4 Nf6 4. Nc3 cxd4 5. Nxd4 Nc6 6. Bg5 e6 7. Qd2 a6 8. O-O-O Bd7 9. f4 Be7 10. Kb1 O-O 11. Nb3 Qb6 12. Bd3 h6 13. Bh4 Nxe4 14.
Nxe4 Bxh4 15. Nxd6 Rfd8 16. g3 Be7 17. Nc4 Qc7 18.
Qe2 Nb4 19. Ne5 Nxd3 20. Rxd3 Bb5 21. Rxd8+ Rxd8 22. c4 Be8 23. Rd1 Rxd1+ 24. Qxd1 f6 25.
Nf3 Qxc4 26. Ka1 Bh5 27. Nbd2 Qd3 28. Qb3 Qxb3 29. axb3 Bb4 30. Kb1 Kf7 31. Kc2 Bg6+ 32. Kd1 Bc5 33. Nc4 Ke7 34. Kd2 b5 35. Na5 Bb4+ 0-1

[Event "*** Titled Tuesday Blitz"]
[Site "Chess.com"]
[Date "2021.04.06"]
[Round "3"]
[White "Chamal_Gedgafov"]
[Black "SergeyShtyka"]
[Result "1/2-1/2"]
[WhiteElo "2203"]
[BlackElo "2392"]
[TimeControl "180+1"]
[EndTime "10:28:40 PDT"]
[Termination "Game drawn by repetition"]

1. d4 c5 2. d5 e5 3. c4 d6 4. Nc3 Be7 5. e4 Bg5 6. Be2 Bxc1 7. Rxc1 Nf6 8. Nf3 Bg4 9. Nd2 Bxe2 10. Qxe2 O-O 11. O-O Nbd7 12. g3 a6 13. a3 Rb8 14.
f4 exf4 15. gxf4 Re8 16. Qd3 b5 17. cxb5 axb5 18. Nxb5 Qb6 19. Nc4 Qxb5 20. Rfe1 Nb6 21. b3 Nxc4 22. bxc4 Qb3 23. Qxb3 Rxb3 24. e5 Nd7 25.
exd6 Kf8 26. Rxe8+ Kxe8 27. Re1+ Kd8 28. Re7 Rxa3 29.
Rxf7 Ra6 30. Rxg7 Rxd6 31. Rxh7 Rf6 32. Rh4 Nb6 33. Kf2 Nxc4 34. Kf3 Nd6 35. Rh7 Rf7 36. Rh6 Kd7 37. h4 Rf5 38. Rh7+ Kd8 39. h5 Rxd5 40. Kg4 c4 41. h6 c3 42. Ra7 Rd1 43. h7 Rh1 44.
Ra8+ Nc8 45. Ra3 c2 46. Rc3 Rxh7 47. Rxc2 Nd6 48. Rc6 Kd7 49. Ra6 Rg7+ 50. Kf3 Ke6 51. Rb6 Rf7 52. Ra6 Rb7 53. Rc6 Rb1 54. Ra6 Rc1 55. Rb6 Rd1 56. Ra6 Kf5 57. Ra5+ Kf6 58. Ra6 Kf5 59. Ra5+ Kf6 60. Ra6 Kf5 1/2-1/2

[Event "*** Titled Tuesday Blitz"]
[Site "Chess.com"]
[Date "2021.04.06"]
[Round "3"]
[White "The_Machine04"]
[Black "Kildepiotr"]
[Result "0-1"]
[WhiteElo "2447"]
[BlackElo "2655"]
[TimeControl "180+1"]
[EndTime "10:28:41 PDT"]
[Termination "Kildepiotr won by checkmate"]

1. d4 c5 2. d5 e5 3. Nc3 d6 4. e4 Be7 5. Be2 Bg5 6. Nf3 Bxc1 7. Qxc1 Ne7 8. O-O O-O 9. Nd2 Nd7 10. Nc4 Nf6 11. a4 Ng6 12. g3 Bh3 13. Re1 a6 14. a5 Qe7 15. f3 Rad8 16. Qe3 Nd7 17. Bf1 Bxf1 18. Rxf1 f5 19. Rab1 f4 20. Qe2 h5 21.
b4 cxb4 22. Rxb4 Nc5 23. Na4 Nxa4 24. Rxa4 fxg3 25. hxg3 h4 26. g4 Nf4 27. Qh2 Rc8 28. Ne3 g6 29. c4 Rc5 30. Rb1 Rf7 31. Qd2 h3 32. Kh2 Qh4 33. Rab4 Rxa5 34. Rb6 Ra3 35. Rxd6 Rd3 36. Rxg6+ Nxg6 37. Qxd3 Qf2+ 38. Kh1 Qxf3+ 39. Kh2 Qf2+ 40. Kh1 Rf3 41. Rf1 Rxe3 42. Rxf2 Rxd3 43. Rf6 Nf4 44. Rb6 Rd1+ 45. Kh2 Rd2+ 46. Kg3 h2 47. Kf3 h1=Q+ 48. Ke3 Re2# 0-1

[Event "*** Titled Tuesday Blitz"]
[Site "Chess.com"]
[Date "2021.04.06"]
[Round "3"]
[White "ShahMatKanal"]
[Black "Margency"]
[Result "0-1"]
[WhiteElo "2444"]
[BlackElo "2716"]
[TimeControl "180+1"]
[EndTime "10:28:41 PDT"]
[Termination "Margency won by resignation"]

1. Nf3 Nf6 2. c4 g6 3. Nc3 Bg7 4. e4 d6 5. d4 O-O 6. Be2 e5 7. d5 a5 8. O-O Na6 9. Qc2 Bd7 10. Ne1 Ne8 11. Be3 f5 12. f3 Nf6 13. Nd3 b6 14. b3 Qe7 15. a3 fxe4 16. Nxe4 Nxe4 17. fxe4 Nc5 18. Bf3 a4 19. Nxc5 dxc5 20. b4 cxb4 21.
axb4 Qxb4 22. c5 Qa5 23. c6 Bc8 24. Be2 a3 25. d6 cxd6 26. Bc4+ Kh8 27. Rxf8+ Bxf8 28.
Qf2 Ba6 29. Bxb6 Qc3 30. Bxa6 Qxa1+ 31. Bf1 a2 32. c7 Qc1 33. h4 a1=Q 34. h5 Rc8 35.
hxg6 hxg6 36. Qh4+ Qh6 37. Qxh6+ Bxh6 0-1

[Event "*** Titled Tuesday Blitz"]
[Site "Chess.com"]
[Date "2021.04.06"]
[Round "3"]
[White "Legendinunknown"]
[Black "superchess02"]
[Result "0-1"]
[WhiteElo "2595"]
[BlackElo "2814"]
[TimeControl "180+1"]
[EndTime "10:28:42 PDT"]
[Termination "superchess02 won by resignation"]

1. d4 Nf6 2. c4 e6 3. Nc3 Bb4 4. f3 O-O 5. e4 c5 6. d5 exd5 7. cxd5 d6 8. Bd3 b5 9. Ne2 c4 10. Bc2 Qb6 11. Bg5 Nbd7 12. Qd2 Bc5 13. Ng3 Re8 14. O-O-O h6 15. Bf4 b4 16. Na4 c3 17. Qe1 Qa5 18. Nf5 Nb6 19. Nxc5 Qxa2 20. bxc3 Nc4 21. Rd4 Qa1+ 22. Bb1 Qb2+ 23. Kd1 Qxb1+ 24.
Ke2 Qa2+ 25. Kf1 dxc5 26. Rd1 Bxf5 27. cxb4 Nxe4 28. fxe4 Rxe4 29. Qf2 Qxf2+ 30. Kxf2 Rxf4+ 31. Kg3 Rg4+ 32. Kf3 Ne5+ 33. Kf2 cxb4 34. d6 Rd8 35. Rd5 Rf4+ 36. Kg3 Rg4+ 37. Kf2 Re4 38. Rc1 Be6 39. Ra5 Rxd6 40. Rc2 b3 41. Rc3 b2 42. Rb5 Rb6 0-1

[Event "*** Titled Tuesday Blitz"]
[Site "Chess.com"]
[Date "2021.04.06"]
[Round "3"]
[White "ybruned"]
[Black "Gusarov91"]
[Result "0-1"]
[WhiteElo "2335"]
[BlackElo "2628"]
[TimeControl "180+1"]
[EndTime "10:28:42 PDT"]
[Termination "Gusarov91 won by resignation"]

1. b3 d5 2. Bb2 Bg4 3. f3 Bh5 4.
e4 dxe4 5. Qe2 c6 6. Nc3 exf3 7. Nxf3 Nf6 8. O-O-O Nbd7 9. h3 Bxf3 10. Qxf3 e6 11. g4 Qa5 12. h4 Ba3 13. g5 Bxb2+ 14. Kxb2 Nd5 15. Ne4 Qc7 16. Bh3 Ne5 17. Qf2 a5 18. d4 Ng6 19. c4 Ndf4 20. h5 Nxh5 21.
Bxe6 fxe6 22. Rxh5 O-O-O 23. c5 Rdf8 24. Qd2 Nf4 25.
Nd6+ Kb8 26. Rhh1 Nd5 27. Rdf1 g6 28. Qe2 Qg7 29. Qe4 Kc7 30. Nc4 Rf5 31. Nxa5 Rhf8 32. Rxf5 exf5 33. Qe5+ Qxe5 34. dxe5 Rf7 35. Nc4 f4 36.
Nd6 Re7 37. Nc4 b5 38. cxb6+ Nxb6 39. Nxb6 Kxb6 40. Rf1 Rxe5 41. Rxf4 Rxg5 42. Rf7 h5 43. a4 h4 44. Rh7 Rh5 45. b4 Rxh7 0-1

[Event "*** Titled Tuesday Blitz"]
[Site "Chess.com"]
[Date "2021.04.06"]
[Round "3"]
[White "Manukyan_Artak"]
[Black "German_Bazeev"]
[Result "0-1"]
[WhiteElo "2465"]
[BlackElo "2799"]
[TimeControl "180+1"]
[EndTime "10:28:43 PDT"]
[Termination "German_Bazeev won by resignation"]

1. e4 c6 2. d4 d5 3. e5 Na6 4. c4 Nc7 5. Nc3 Be6 6. c5 h5 7.
Nf3 Bg4 8. h3 Bxf3 9. Qxf3 e6 10. g4 hxg4 11. hxg4 Rxh1 12. Qxh1 Ne7 13. Bd3 Qd7 14.
Qh5 g6 15. Qh7 O-O-O 16. Qxf7 Qe8 17. Qh7 Rd7 18. Qh8 Qf7 19. Bh6 Rd8 20. Bg5 Bg7 21. Qh3 Rh8 22. Qg2 Bh6 23. Bxh6 Rxh6 24. Ne2 g5 25. O-O-O Ng6 26. Bxg6 Qxg6 27. Rh1 Rxh1+ 28. Qxh1 b6 29. cxb6 axb6 30. Qf3 Kb7 31. Nc3 Qh7 32.
Qe3 Qh1+ 33. Kc2 Qg2 34. Qxg5 Qxf2+ 35. Qd2 Qg3 36. g5 c5 37. dxc5 bxc5 38. Na4 Kc6 39. Qa5 Qf2+ 40. Kc1 Qf1+ 41. Kc2 Qg2+ 42. Kc1 Qxg5+ 43.
Kc2 Qg2+ 44. Kc1 Qf1+ 45. Kd2 Qf2+ 46. Kd1 Qd4+ 47. Kc1 Qc4+ 48. Kd1 Qb5 49. Qa8+ Nxa8 0-1

[Event "*** Titled Tuesday Blitz"]
[Site "Chess.com"]
[Date "2021.04.06"]
[Round "3"]
[White "rududuyk"]
[Black "MalyDominator"]
[Result "0-1"]
[WhiteElo "2167"]
[BlackElo "2492"]
[TimeControl "180+1"]
[EndTime "10:28:43 PDT"]
[Termination "MalyDominator won by resignation"]

1. e4 c5 2. Nf3 d6 3. d4 cxd4 4.
Nxd4 Nf6 5. Nc3 Nc6 6. Bg5 e6 7. Qd2 a6 8. f4 Bd7 9. O-O-O Nxd4 10. Qxd4 Be7 11. e5 dxe5 12. fxe5 Nd5 13. Bxe7 Qxe7 14.
Nxd5 exd5 15. Qxd5 Bc6 16. Qd6 Qg5+ 17. Kb1 Rd8 18.
Qxd8+ Qxd8 19. Rxd8+ Kxd8 20. Bc4 Re8 21. Rd1+ Kc7 22.
Bxf7 Rxe5 23. g3 Re2 24. h4 Rg2 25. c4 Be4+ 26. Ka1 Rxg3 27. Bd5 Bxd5 28. cxd5 Kd6 29. Kb1 Rg4 30. Rf1 Rxh4 31. Rf7 Rg4 32. Rxb7 h5 33.
Rb6+ Kxd5 34. Rxa6 h4 35. Ra5+ Ke4 36. Rh5 g5 37. b4 Kd3 38. a3 Kc3 39. b5 Kb3 40. Kc1 Kc3 41. Kd1 Kd3 42. Ke1 Ke3 43. Kf1 Kf3 44. Ke1 Rg2 45. b6 Rb2 46. Rxg5 h3 47. Rh5 h2 48. Rxh2 Rxh2 49. a4 Ra2 50. b7 Rb2 0-1

[Event "*** Titled Tuesday Blitz"]
[Site "Chess.com"]
[Date "2021.04.06"]
[Round "3"]
[White "laskerisalive"]
[Black "CalinGheorghiu"]
[Result "1-0"]
[WhiteElo "2588"]
[BlackElo "2294"]
[TimeControl "180+1"]
[EndTime "10:28:44 PDT"]
[Termination "laskerisalive won on time"]

1. d4 Nf6 2. c4 g6 3. Nc3 d5 4. cxd5 Nxd5 5. e4 Nb6 6. h3 Bg7 7. Nf3 O-O 8. Be3 c6 9. Qd2 Be6 10. Bh6 Bc4 11. Bxg7 Kxg7 12. Bxc4 Nxc4 13. Qe2 b5 14.
O-O Nd7 15. Rac1 Ndb6 16. b3 Nd6 17. Rfd1 b4 18. Nb1 Rc8 19. Ne5 Nb5 20. Nxc6 Rxc6 21. Rxc6 Nxd4 22. Qb2 e5 23. Rcc1 Qg5 24. Kh1 Rd8 25.
Qd2 Qh5 26. Qxb4 Qe2 27. Qd2 Qxe4 28. Nc3 Qh4 29. Qe3 f6 30. Re1 Nf5 31. Qf3 Rd2 32. Ne4 Nd4 33. Qe3 Rxa2 34. Rc7+ Kg8 35. Qg3 Qxg3 36.
Nxf6+ 1-0

[Event "*** Titled Tuesday Blitz"]
[Site "Chess.com"]
[Date "2021.04.06"]
[Round "3"]
[White "BilodeauA"]
[Black "viggi38"]
[Result "1-0"]
[WhiteElo "2900"]
[BlackElo "2639"]
[TimeControl "180+1"]
[EndTime "10:28:45 PDT"]
[Termination "BilodeauA won by resignation"]

1. d4 f5 2. Nc3 Nf6 3. Bg5 d5 4. Bxf6 exf6 5. e3 Be6 6. g3 Nc6 7. Bb5 Qd7 8. h4 h5 9. Nf3 Bb4 10. a3 Bxc3+ 11. bxc3 a6 12. Bd3 Na5 13. Qb1 b6 14.
Kf1 Kf7 15. Kg2 Rhb8 16. Ng1 c5 17. Nh3 g6 18. Nf4 c4 19. Be2 Nc6 20. a4 Rb7 21. Qd1 Rh8 22. Bf3 Kg7 23. Qe2 Bf7 24. Ra2 Rhb8 25.
Kh2 b5 26. axb5 axb5 27. Rha1 b4 28. cxb4 Rxb4 29. Ra6 R4b6 30. Qd2 Rxa6 31. Rxa6 Nb4 32. Ra3 Qd6 33. Ra7 Nc6 34. Rxf7+ Kxf7 35. Bxd5+ Kg7 36. Bxc4 Rb2 37. Bb3 Qb4 38. Qe2 Rb1 39. Qf3 Na5 40. Ne6+ Kh7 41. Qa8 Nb7 42. Ng5+ 1-0

[Event "*** Titled Tuesday Blitz"]
[Site "Chess.com"]
[Date "2021.04.06"]
[Round "3"]
[White "Sergey85Rodchenkov"]
[Black "Susik_Gaboyan"]
[Result "1-0"]
[WhiteElo "2522"]
[BlackElo "2270"]
[TimeControl "180+1"]
[EndTime "10:28:45 PDT"]
[Termination "Sergey85Rodchenkov won by resignation"]

1. e4 c5 2. Nf3 Nc6 3. d4 cxd4 4. Nxd4 Nf6 5. Nc3 e5 6. Nb3 Bb4 7. Bc4 Nxe4 8. Bxf7+ Kxf7 9. Qd5+ Kf8 10. Qxe4 d5 11.
Qf3+ Qf6 12. Qxd5 Be6 13. Qb5 Qf7 14. Nc5 Bc4 15. Nd7+ Ke8 16. Qxb7 Rd8 17. Qxc6 Qxd7 18. Qxd7+ Rxd7 19. Bd2 Kf7 20. O-O-O Rhd8 21. a3 Bxc3 22. Bxc3 Rxd1+ 23. Rxd1 Rxd1+ 24. Kxd1 Ke6 25. Kd2 g6 26. Ke3 Kd5 27. Bb4 Ba6 28. b3 Bf1 29. g3 Bg2 30. c4+ Ke6 31. Bc3 a6 32. a4 Bc6 33. a5 Bb7 34. Bb4 Bc8 35. Bf8 Bd7 36. Bg7 Bc6 37. Kd3 Bf3 38. Kc3 Be2 39. Kb4 e4 40. Kc5 Bd1 41.
b4 Be2 42. h4 Kd7 43. b5 axb5 44. cxb5 Kc7 45. Be5+ Kb7 46. a6+ Ka8 47. Kb6 e3 48. fxe3 Bd3 49. Bd4 Be2 50. Ka5 Bc4 51. b6 Bd5 52.
b7+ Bxb7 53. axb7+ Kxb7 54. Kb5 1-0

[Event "*** Titled Tuesday Blitz"]
[Site "Chess.com"]
[Date "2021.04.06"]
[Round "3"]
[White "davigator"]
[Black "Mazanchenko_Dmitry"]
[Result "0-1"]
[WhiteElo "2371"]
[BlackElo "2211"]
[TimeControl "180+1"]
[EndTime "10:28:47 PDT"]
[Termination "Mazanchenko_Dmitry won by checkmate"]

1. e4 c5 2. Nf3 d6 3. d4 Nf6 4.
Nc3 cxd4 5. Nxd4 Nc6 6. Bg5 Qb6 7. Nb3 a6 8. Qd2 e6 9. f3 Bd7 10. O-O-O Be7 11. h4 Qc7 12. h5 h6 13. Bf4 e5 14.
Be3 Be6 15. Kb1 b5 16. g4 Rd8 17. Nd5 Bxd5 18. exd5 Nb8 19. Be2 Nbd7 20. f4 exf4 21. Bxf4 Ne5 22. Rhg1 Nc4 23. Bxc4 bxc4 24. Na5 c3 25.
Qxc3 Qxc3 26. bxc3 Ne4 27. Rd3 Kd7 28. Nc6 Rde8 29. c4 Bf6 30. Kc1 Nc5 31. Rf3 Re4 32.
g5 hxg5 33. Bxg5 Rxh5 34. Bxf6 gxf6 35. Rxf6 Rxc4 36. Rxf7+ Ke8 37. Re7+ Kf8 38. Rf1+ Kg8 39. Rg1+ Kf8 40. Rf1+ Kg8 41. Ra7 Rh2 42. Rg1+ Kf8 43.
Rf1+ Kg8 44. Kb1 Rcxc2 45. Nd4 Rb2+ 46. Kc1 Nd3+ 47. Kd1 Rb1# 0-1

[Event "*** Titled Tuesday Blitz"]
[Site "Chess.com"]
[Date "2021.04.06"]
[Round "3"]
[White "Fandorine"]
[Black "bilelou"]
[Result "1-0"]
[WhiteElo "2898"]
[BlackElo "2557"]
[TimeControl "180+1"]
[EndTime "10:28:48 PDT"]
[Termination "Fandorine won by checkmate"]

1. Nf3 Nf6 2. g3 d5 3. Bg2 c5 4. O-O Nc6 5. d3 e5 6. e4 d4 7. a4 Bd6 8. Na3 O-O 9. Nc4 Bc7 10. Bd2 a6 11. a5 Be6 12. b3 Nd7 13. Qe1 h6 14. Nh4 Bxc4 15. bxc4 b6 16. f4 b5 17. cxb5 axb5 18. a6 c4 19. Nf5 c3 20. Bc1 b4 21.
Qe2 Nf6 22. h4 Kh7 23. h5 Ne7 24. Nh4 Neg8 25. a7 Qc8 26. fxe5 Bxe5 27. Nf5 Qc7 28.
g4 Rxa7 29. Rb1 Rb7 30. g5 hxg5 31. Bxg5 Kh8 32. Nh4 Nh7 33. Bc1 Rb6 34. Rf5 Nh6 35. Rf1 Re8 36. Qf3 Rf6 37. Nf5 Nxf5 38. exf5 Bd6 39.
Ra1 Qe7 40. Qg4 Rh6 41. Bxh6 gxh6 42. Rae1 Be5 43. f6 Qd6 44. Qg7# 1-0

[Event "*** Titled Tuesday Blitz"]
[Site "Chess.com"]
[Date "2021.04.06"]
[Round "3"]
[White "LawrenceTrent"]
[Black "KubaGepard"]
[Result "0-1"]
[WhiteElo "2546"]
[BlackElo "2387"]
[TimeControl "180+1"]
[EndTime "10:28:48 PDT"]
[Termination "KubaGepard won by checkmate"]

1. d3 Nf6 2. g3 e5 3. Bg2 d5 4. Nf3 Nbd7 5. c4 c6 6. O-O h6 7. cxd5 cxd5 8. Nc3 a6 9. e4 d4 10. Ne2 Bd6 11. Nh4 Nc5 12. b4 Ne6 13. Nf5 O-O 14.
a3 a5 15. Bd2 axb4 16. Nxd6 Qxd6 17. Bxb4 Nc5 18. f4 Nfd7 19. Rc1 b6 20. Bh3 Nf6 21.
fxe5 Qxe5 22. Bxc8 Rfxc8 23. Rf5 Qd6 24. Rc4 Rd8 25.
Rxd4 Qe6 26. Nf4 Qe8 27. Rxd8 Rxd8 28. Qf3 Nb3 29. Rxf6 gxf6 30. Nh5 Qe5 31. Nxf6+ Kh8 32. Ng4 Qd4+ 33. Nf2 Rd7 34. Kg2 Nc5 35. Qf4 Qg7 36.
Bxc5 bxc5 37. Qf5 f6 38. Qxc5 Qe7 39. Qxe7 Rxe7 40. d4 Ra7 41. Kf3 Rxa3+ 42. Kf4 Kg7 43. d5 Kg6 44. Ng4 h5 45. Ne3 Ra2 46. h3 Rf2# 0-1

[Event "*** Titled Tuesday Blitz"]
[Site "Chess.com"]
[Date "2021.04.06"]
[Round "3"]
[White "DanielTitichoca"]
[Black "MartinHollan"]
[Result "0-1"]
[WhiteElo "2307"]
[BlackElo "2542"]
[TimeControl "180+1"]
[EndTime "10:28:48 PDT"]
[Termination "MartinHollan won on time"]

1. Nf3 c5 2. g3 b6 3. Bg2 Bb7 4. O-O g6 5. c4 Bg7 6. Nc3 Nf6 7. d4 cxd4 8. Qxd4 O-O 9. Qh4 Re8 10. Rd1 d6 11. Bh6 Bh8 12. Rac1 Nbd7 13. e4 Rc8 14. e5 Bxf3 15. Bxf3 Nxe5 16. Be2 Rxc4 17. Qg5 Ne4 18.
Nxe4 Rxe4 19. Qd2 Qa8 20. f4 Rd4 21. Qxd4 Nf3+ 22. Bxf3 Bxd4+ 23. Kg2 d5 24. Rxd4 e6 25. Rd3 Rc8 26. Rdc3 Rxc3 27. Rxc3 Qd8 28. h4 f6 29. Re3 Kf7 30. f5 gxf5 31. Bh5+ Ke7 32. Bf3 d4 33. Rd3 e5 34. Rd1 e4 35. Bh5 Qd5 36. Bf4 e3+ 37. Bf3 Qxa2 38. Kh3 Qxb2 39. Re1 Qf2 40.
Rc1 Qxf3 41. Rc7+ Ke6 0-1

[Event "*** Titled Tuesday Blitz"]
[Site "Chess.com"]
[Date "2021.04.06"]
[Round "3"]
[White "zajka-molotok"]
[Black "stepakyedael"]
[Result "1-0"]
[WhiteElo "2525"]
[BlackElo "2279"]
[TimeControl "180+1"]
[EndTime "10:28:48 PDT"]
[Termination "zajka-molotok won on time"]

1. Nf3 Nf6 2. g3 g6 3. Bg2 Bg7 4. O-O O-O 5. c4 d6 6. Nc3 Nc6 7. e4 e5 8. d3 a6 9. a4 a5 10. h3 Nb4 11. g4 c6 12. d4 Qe7 13. Be3 h5 14. g5 Nh7 15. h4 Bg4 16. Qd2 Bxf3 17. Bxf3 exd4 18. Bxd4 Bxd4 19. Qxd4 Nc2 20. Qb6 Nxa1 21. Rxa1 Qe5 22. Bg2 Rab8 23. Rf1 Qf4 24.
Qxa5 Qxh4 25. f4 Qg3 26. Qb6 h4 27. Rf3 Qe1+ 28. Kh2 Qd2 29. Rf2 Qd3 30. Rf3 Qxc4 31. Rh3 Qc5 32. Qb3 Nxg5 33. fxg5 Qxg5 34. Ne2 b5 35. a5 b4 36. a6 Qe5+ 37. Kh1 Qb5 38. Nf4 Qg5 39. Nd3 Ra8 40. Qc4 Qb5 41. Qd4 c5 42. Qf6 1-0

[Event "*** Titled Tuesday Blitz"]
[Site "Chess.com"]
[Date "2021.04.06"]
[Round "3"]
[White "Zkid"]
[Black "Nf3c5"]
[Result "1-0"]
[WhiteElo "2851"]
[BlackElo "2527"]
[TimeControl "180+1"]
[EndTime "10:28:49 PDT"]
[Termination "Zkid won on time"]

1. e4 c5 2. Nf3 d6 3. d4 cxd4 4. Nxd4 Nf6 5. f3 a6 6. c4 e5 7. Nc2 Be7 8. Nc3 O-O 9. Be2 Nh5 10. O-O Bg5 11. Ne3 Nc6 12. Ncd5 Ne7 13. Nxe7+ Qxe7 14. Nd5 Qd8 15. Bxg5 Qxg5 16. Qc1 Qd8 17. Qe3 Be6 18. Nb6 Rb8 19. g3 Nf6 20. Rfd1 Qc7 21. b4 Rfd8 22. a4 h6 23. a5 Nd7 24. Nd5 Bxd5 25. cxd5 Nf6 26. Rdc1 Qd7 27. Qb6 Rdc8 28. b5 axb5 29. Bxb5 Qe7 30. Kg2 g5 31. g4 Kg7 32. Kf2 Nh7 33. Ke2 Nf8 34. h3 Ng6 35. Kd2 Nf4 36.
Rxc8 Rxc8 37. Rc1 Rxc1 38. Kxc1 Nxh3 39. Bc6 Qf6 40. Bxb7 Qxf3 41. a6 Nf2 42. a7 Qc3+ 43.
Kb1 Qd3+ 44. Ka2 Qc2+ 45. Ka3 Qc3+ 46. Ka4 Nd3 47. Kb5 Qb3+ 48. Kc6 Qa4+ 49. Kc7 1-0

[Event "*** Titled Tuesday Blitz"]
[Site "Chess.com"]
[Date "2021.04.06"]
[Round "3"]
[White "Andrakhanova"]
[Black "J36225"]
[Result "1-0"]
[WhiteElo "2243"]
[BlackElo "2429"]
[TimeControl "180+1"]
[EndTime "10:28:49 PDT"]
[Termination "Andrakhanova won by resignation"]

1. c4 Nf6 2. Nc3 g6 3. g3 Bg7 4. Bg2 O-O 5. d4 d6 6. Nf3 c6 7. O-O Bf5 8. h3 Ne4 9. Kh2 Nxc3 10. bxc3 Be4 11. Ng5 Bxg2 12. Kxg2 c5 13. e4 Nc6 14.
Nf3 Qa5 15. Rb1 b6 16. Bg5 Rfe8 17. d5 Ne5 18. Nxe5 Bxe5 19. f4 Bg7 20. e5 Qxc3 21.
Rc1 Qd4 22. Qxd4 cxd4 23. exd6 exd6 24. f5 Re2+ 25. Rf2 Rxf2+ 26. Kxf2 gxf5 27. Be7 Be5 28. Bg5 Re8 29. a4 d3 30. Rd1 Bd4+ 31. Kf3 Re2 32. g4 Rh2 33. gxf5 Rxh3+ 34. Kg4 Rh2 35. Rxd3 Be5 36.
Bf4 Rg2+ 37. Kf3 Rg1 38. Bxe5 dxe5 39. d6 e4+ 40. Kxe4 Re1+ 41. Kd5 Re8 42. d7 Rd8 43. Kd6 1-0

[Event "*** Titled Tuesday Blitz"]
[Site "Chess.com"]
[Date "2021.04.06"]
[Round "3"]
[White "KetiGrant"]
[Black "HouseOfDurin"]
[Result "1-0"]
[WhiteElo "2350"]
[BlackElo "2144"]
[TimeControl "180+1"]
[EndTime "10:28:50 PDT"]
[Termination "KetiGrant won on time"]

1. e4 c5 2. Nf3 Nc6 3. d4 cxd4 4.
Nxd4 e5 5. Nb5 d6 6. c4 Be6 7.
N1c3 a6 8. Na3 Rc8 9. Be3 Be7 10.
Be2 Nf6 11. O-O O-O 12. Qd2 Ng4 13. Bxg4 Bxg4 14. Nc2 Nd4 15. Bxd4 exd4 16. Qxd4 Bf6 17.
Qd3 b5 18. cxb5 Bxc3 19. bxc3 axb5 20. Nd4 d5 21. Nxb5 dxe4 22. Qxe4 Qg5 23. a4 Rfe8 24. Qb7 Rb8 25. Qc7 Be2 26. Rfe1 Bxb5 27. axb5 Qxb5 28. h3 Rbc8 29. Rxe8+ Qxe8 30. Qg3 g6 31. Rc1 Rc4 32. Qd3 Qc6 33. g3 Kg7 34. h4 h5 35. Qe3 Re4 36. Qg5 Qc4 37. Kg2 Re2 38. Qf4 Qd5+ 39. Qf3 Re4 40. c4 Qc6 41. c5 f5 42. Kh2 Kf6 43.
Qc3+ Ke6 44. Qg7 Kd5 45. Qf7+ Ke5 46. f4+ 1-0

[Event "*** Titled Tuesday Blitz"]
[Site "Chess.com"]
[Date "2021.04.06"]
[Round "3"]
[White "Konek-Gorbunok"]
[Black "LileKoridze"]
[Result "1-0"]
[WhiteElo "2336"]
[BlackElo "2466"]
[TimeControl "180+1"]
[EndTime "10:28:51 PDT"]
[Termination "Konek-Gorbunok won by resignation"]

1. d4 Nf6 2. Nf3 d5 3. g3 c6 4.
Bg2 e6 5. O-O Bd6 6. c4 O-O 7.
Nc3 b6 8. Nd2 Bb7 9. e4 dxe4 10.
Ndxe4 Be7 11. Be3 Nbd7 12. Qe2 Nxe4 13. Nxe4 Nf6 14. Nc3 Qc7 15. Rfd1 Rfd8 16. Rac1 c5 17. d5 exd5 18. cxd5 Qd7 19. d6 Bf8 20. Bg5 Re8 21. Qd2 Bxg2 22. Kxg2 Ne4 23. Nxe4 Rxe4 24.
Bf4 Rd4 25. Qe3 Re8 26. Qc3 Rde4 27. Qf3 R4e6 28. Rd2 Rd8 29. Rcd1 h6 30. h4 Qb5 31. d7 Re7 32. Qb7 Qa4 33. Qc7 Qe4+ 34. Kg1 Qa8 35. Qxd8 Qxd8 36. Bc7 Qxc7 37. d8=Q Qc6 38. Qb8 Re8 39.
Rd8 Rxd8 40. Rxd8 Kh7 41. Rxf8 Qe4 42. Rxf7 Qe1+ 43. Kg2 Qe4+ 44. Rf3 1-0